[Event "*** Titled Tuesday Blitz"]
[Site "Chess.com"]
[Date "2021.04.06"]
[Round "4"]
[White "xurramid77"]
[Black "ridnani2021"]
[Result "1-0"]
[WhiteElo "2611"]
[BlackElo "2348"]
[TimeControl "180+1"]
[EndTime "10:39:46 PDT"]
[Termination "xurramid77 won by resignation"]

1. e4 c5 2. c3 Nf6 3. e5 Nd5 4. Bc4 Nb6 5. Bb3 Nc6 6. Nf3 c4 7.
Bc2 d5 8. exd6 exd6 9. d4 cxd3 10. Qxd3 g6 11. O-O Be7 12. Bh6 Bf5 13. Qd2 Bxc2 14. Qxc2 Qd7 15. a4 O-O-O 16. a5 Nc4 17. a6 b6 18.
Nbd2 N4e5 19. Nd4 Bf6 20. h3 Kb8 21. Qe4 Rhe8 22. Qf4 Be7 23. Qg3 f5 24. N2f3 Bf6 25.
Nxc6+ Qxc6 26. Nd4 Qd7 27. Rfd1 Nc4 28. b3 Ne5 29. c4 Nc6 30. Nxc6+ Qxc6 31. Ra2 Be5 32. Bf4 Bxf4 33. Qxf4 Re4 34. Qg3 f4 35. Qf3 Kc7 36. Rad2 Rde8 37. Kh2 R8e7 38. Rd5 R7e5 39. Qd3 Re6 40.
Qc3 R4e5 41. b4 Rxd5 42. Rxd5 Qd7 43. Qd4 f3 44. gxf3 Qf7 45. Kg2 Rf6 46. c5 Rf4 47.
cxb6+ axb6 48. Qc3+ Kd7 49. Rd2 1-0

[Event "*** Titled Tuesday Blitz"]
[Site "Chess.com"]
[Date "2021.04.06"]
[Round "4"]
[White "bylavochka"]
[Black "fabianvivasz"]
[Result "0-1"]
[WhiteElo "2227"]
[BlackElo "2417"]
[TimeControl "180+1"]
[EndTime "10:39:46 PDT"]
[Termination "fabianvivasz won on time"]

1. e4 e5 2. Nc3 Nf6 3. g3 d5 4. exd5 Nxd5 5. Bg2 Nxc3 6. bxc3 Bc5 7. Nf3 Nc6 8. d3 O-O 9. h3 e4 10. dxe4 Qxd1+ 11. Kxd1 Bxf2 12. Bf4 Be6 13. Bxc7 Rac8 14. Bf4 Na5 15. Ke2 Bb6 16. Be5 Nc6 17. Bf4 Na5 18. Be5 Bc4+ 19. Ke1 Nc6 20. Bd4 Rfe8 21. e5 Nxd4 22.
cxd4 Bd5 23. Kd1 Bxf3+ 24. Bxf3 Bxd4 25. Rb1 b6 26. Re1 Bf2 27. Re2 Bxg3 28. Bg4 Rcd8+ 29. Kc1 Bxe5 30. Rf2 Bd4 31. Rf1 g6 32. Rb5 Re3 33.
Kb1 Rde8 0-1

[Event "*** Titled Tuesday Blitz"]
[Site "Chess.com"]
[Date "2021.04.06"]
[Round "4"]
[White "CraiggoryC"]
[Black "Larciano"]
[Result "1-0"]
[WhiteElo "2246"]
[BlackElo "1966"]
[TimeControl "180+1"]
[EndTime "10:39:46 PDT"]
[Termination "CraiggoryC won by checkmate"]

1. e4 e5 2. Nf3 Nc6 3. Bb5 a6 4. Ba4 Nf6 5. O-O Be7 6. d3 d6 7. c4 O-O 8. h3 Bd7 9. Nc3 h6 10. Rb1 Nh7 11. b4 Bg5 12. b5 Nb8 13. bxa6 bxa6 14. Nd5 Bxc1 15. Bxd7 Nxd7 16. Qxc1 Nc5 17. Qa3 Qd7 18. Nxe5 dxe5 19. Qxc5 Rab8 20. Qxc7 Qxc7 21. Nxc7 Rbd8 22. Nd5 Rd6 23. Rb7 Ng5 24. Rfb1 Ne6 25. R1b6 Rfd8 26. Rb8 Nd4 27. Rxd8+ Rxd8 28. Rxa6 Rb8 29. a4 Rb1+ 30. Kh2 Ra1 31. a5 f6 32.
Ra8+ Kf7 33. a6 Nc6 34. c5 Ra5 35. Rc8 Nd4 36. Rc7+ Ke8 37. a7 Nb5 38. Rc8+ Kd7 39. a8=Q Rxa8 40. Rxa8 Nd4 41. Ra7+ Ke6 42. Rxg7 f5 43.
Re7# 1-0

[Event "*** Titled Tuesday Blitz"]
[Site "Chess.com"]
[Date "2021.04.06"]
[Round "4"]
[White "Handszar"]
[Black "ChampStan"]
[Result "0-1"]
[WhiteElo "2353"]
[BlackElo "2042"]
[TimeControl "180+1"]
[EndTime "10:39:47 PDT"]
[Termination "ChampStan won on time"]

1. e3 Nf6 2. Nf3 g6 3. b3 Bg7 4.
Bb2 d6 5. d3 e5 6. Be2 O-O 7. O-O c5 8. c4 Nc6 9. Nbd2 h6 10. a3 a5 11. Qc2 Ne8 12. Bc3 Nc7 13. Rab1 f5 14. b4 axb4 15. axb4 cxb4 16. Bxb4 Nxb4 17.
Rxb4 g5 18. Rfb1 g4 19. Ne1 h5 20. Rb6 Ne6 21. Bf1 h4 22. Qb3 Nc5 23. Qb4 Ra2 24.
Nb3 Ra4 25. Qd2 f4 26. Nxc5 dxc5 27. Nc2 Ra2 0-1

[Event "*** Titled Tuesday Blitz"]
[Site "Chess.com"]
[Date "2021.04.06"]
[Round "4"]
[White "TheMagicMaik"]
[Black "jd001"]
[Result "1-0"]
[WhiteElo "2407"]
[BlackElo "2168"]
[TimeControl "180+1"]
[EndTime "10:39:48 PDT"]
[Termination "TheMagicMaik won by resignation"]

1. e4 e6 2. d4 d5 3. exd5 exd5 4. Bd3 Bd6 5. Nc3 c6 6. Nge2 Bg4 7. f3 Bh5 8. g4 Bg6 9. h4 Nd7 10. h5 Bxd3 11.
Qxd3 Qc7 12. Be3 O-O-O 13. O-O-O Re8 14. Rhe1 Nb6 15. Kb1 Nf6 16. Nc1 h6 17. Nb3 Nc4 18.
Bc1 Re7 19. Rxe7 Qxe7 20. Rg1 Re8 21. g5 hxg5 22. Qf5+ Qe6 23. Qxg5 Bb4 24. Na4 Rh8 25. Nac5 Qe7 26. Qxg7 Rxh5 27. Bg5 Rxg5 28. Qxg5 b6 29.
Nd3 Bd6 30. a3 Kb7 31. Re1 Qd8 32. Ne5 Bxe5 33. dxe5 Nd7 34. Qxd8 1-0

[Event "*** Titled Tuesday Blitz"]
[Site "Chess.com"]
[Date "2021.04.06"]
[Round "4"]
[White "LileKoridze"]
[Black "dmjjmd"]
[Result "1/2-1/2"]
[WhiteElo "2461"]
[BlackElo "2238"]
[TimeControl "180+1"]
[EndTime "10:39:48 PDT"]
[Termination "Game drawn by repetition"]

1. d4 Nf6 2. c4 e6 3. Nc3 Bb4 4.
e3 O-O 5. Bd3 d5 6. Ne2 c5 7.
O-O dxc4 8. Bxc4 cxd4 9. exd4 b6 10. Bg5 Be7 11. Qd3 Nc6 12. Rad1 Bb7 13. Nf4 Rc8 14. Bb3 Nb4 15. Qh3 Nfd5 16. Bxe7 Qxe7 17. Nh5 Qg5 18. Ne4 Qg6 19. Nd6 Ba6 20. Nxc8 Bxf1 21. Ne7+ Nxe7 22. Rxf1 Rd8 23. Nf4 Qf6 24. Qg4 Rxd4 25. g3 Nbd5 26.
Bxd5 Nxd5 27. Rc1 Nxf4 28. Rc8+ Rd8 29. Rxd8+ Qxd8 30. Qxf4 Qd1+ 31. Kg2 Qd5+ 32. Kg1 h6 33. Qb8+ Kh7 34. Qxa7 Qd1+ 35. Kg2 Qd5+ 36. Kg1 Qd1+ 37. Kg2 Qd5+ 38. Kg1 1/2-1/2

[Event "*** Titled Tuesday Blitz"]
[Site "Chess.com"]
[Date "2021.04.06"]
[Round "4"]
[White "cukin84"]
[Black "MateusViageiro"]
[Result "0-1"]
[WhiteElo "2079"]
[BlackElo "2357"]
[TimeControl "180+1"]
[EndTime "10:39:48 PDT"]
[Termination "MateusViageiro won by resignation"]

1. e4 c5 2. Nc3 d6 3. f4 Nf6 4. Nf3 e6 5. d3 Be7 6. g3 O-O 7. Bg2 a6 8. O-O Qc7 9. Qe1 Nc6 10. h3 b5 11. g4 Bb7 12. g5 Nd7 13. Qg3 Nd4 14. Rf2 Nxf3+ 15. Bxf3 b4 16. Nd1 d5 17. e5 d4 18. Rg2 Bxf3 19. Qxf3 Nb6 20. Nf2 c4 21.
Bd2 c3 22. bxc3 dxc3 23. Be3 Nd5 24. Ng4 Rfd8 25. Bf2 a5 26. Kh2 a4 27. Rag1 b3 28. axb3 axb3 29. Nf6+ Kh8 30. Qh5 Bxf6 31. gxf6 g6 32.
Qh6 Rg8 33. Rg4 Nxf4 34. Rxf4 Qxe5 35. Bg3 g5 36. Re4 Qf5 37. Re5 Qf3 38. cxb3 Ra2+ 0-1

[Event "*** Titled Tuesday Blitz"]
[Site "Chess.com"]
[Date "2021.04.06"]
[Round "4"]
[White "tylityli"]
[Black "Vincent_Vega95"]
[Result "0-1"]
[WhiteElo "2336"]
[BlackElo "2713"]
[TimeControl "180+1"]
[EndTime "10:39:49 PDT"]
[Termination "Vincent_Vega95 won by resignation"]

1. d4 Nf6 2. c4 g6 3. Nc3 Bg7 4.
e4 O-O 5. Nge2 d6 6. Ng3 a6 7.
a4 h5 8. Be2 c5 9. d5 e6 10. Bg5 Qb6 11. Qd2 Nh7 12. Be3 h4 13.
Nf1 Nd7 14. a5 Qc7 15. h3 Ndf6 16. Bh6 exd5 17. Bxg7 Kxg7 18. exd5 Re8 19. Ne3 Ng8 20. O-O Bd7 21. Na4 Bxa4 22. Rxa4 f5 23. Ra3 Ngf6 24. Bf3 Rab8 25. b4 cxb4 26. Qxb4 Ng5 27. Bd1 Nge4 28.
Qb2 Qe7 29. Rb3 Nc5 30. Rb6 Kh7 31. Bc2 Nfd7 32. Bxf5 Nxb6 33. Qc2 gxf5 34. Qxf5+ Kh8 35. axb6 Rg8 36. Qf4 Rg6 37. Nf5 Qf6 38. g4 hxg3 39.
fxg3 Rbg8 40. g4 Nd3 41. Qe3 Ne5 42. Qe4 Rxg4+ 0-1

[Event "*** Titled Tuesday Blitz"]
[Site "Chess.com"]
[Date "2021.04.06"]
[Round "4"]
[White "Alexander_Moskalenko"]
[Black "SanchezKelvin"]
[Result "1-0"]
[WhiteElo "2742"]
[BlackElo "2529"]
[TimeControl "180+1"]
[EndTime "10:39:49 PDT"]
[Termination "Alexander_Moskalenko won by resignation"]

1. e4 c5 2. Ne2 g6 3. c3 Bg7 4. d4 Na6 5. g3 Nf6 6. Bg2 O-O 7. e5 Ne8 8. O-O d5 9. exd6 Nxd6 10. d5 b5 11. Bf4 Bg4 12. h3 Bf5 13. g4 Bd7 14.
Nd2 Rb8 15. Qc2 c4 16. Ne4 Qc7 17. N2g3 f5 18. gxf5 Bxf5 19. Nxf5 Rxf5 20. Bg3 Nc5 21.
Rae1 Nd3 22. Nxd6 exd6 23. Re6 Be5 24. f4 Bg7 25. Be4 Rf7 26. Bxd3 cxd3 27. Qxd3 b4 28. f5 bxc3 29. bxc3 Qxc3 30. Qxc3 Bxc3 31. Bxd6 Bd4+ 32. Kh1 Rb2 33. f6 h6 34. Be7 Rxa2 35. d6 Rd2 36. d7 Bb6 37. Rxb6 Rxd7 38. Rb8+ Kh7 39. Rc1 g5 40. Rc3 Kg6 41. Ra8 Kh5 42. Ra3 Kh4 43. Kg2 Rd2+ 44. Kg1 Rd1+ 45. Kf2 Rd2+ 46. Ke3 Rd7 47.
Ke4 Rd1 48. Ke5 Re1+ 49. Kd6 h5 50. R8xa7 g4 51. hxg4 hxg4 52. R7a4 Kh5 53. Rg3 Rd1+ 54. Ke6 Rh7 55. Raxg4 Re1+ 56. Kd5 1-0

[Event "*** Titled Tuesday Blitz"]
[Site "Chess.com"]
[Date "2021.04.06"]
[Round "4"]
[White "klimkoj"]
[Black "crazy_but_lazy"]
[Result "1-0"]
[WhiteElo "2602"]
[BlackElo "2428"]
[TimeControl "180+1"]
[EndTime "10:39:49 PDT"]
[Termination "klimkoj won on time"]

1. e4 c5 2. Nf3 Nc6 3. d4 cxd4 4. Nxd4 Qb6 5. Nb3 Nf6 6. Bd3 e6 7. O-O a6 8. Nc3 Be7 9. Kh1 d6 10. f4 O-O 11. Qf3 Qc7 12. Be3 b5 13. Rae1 Bb7 14. Qh3 b4 15. e5 dxe5 16. fxe5 Nxe5 17. Bf4 Bd6 18. Bxe5 Bxe5 19. Na4 h6 20. Nac5 Bd5 21. Nxa6 Qd6 22. Nxb4 Bb7 23. c3 Bf4 24. Bb1 Bg5 25. Rd1 Qc7 26. Nd4 Rfd8 27. Nf3 Bf4 28. Nd3 e5 29.
Nxf4 exf4 30. Qf5 Rxd1 31. Rxd1 Rd8 32. Re1 Bxf3 33. gxf3 Qb7 34. Rf1 Qxb2 35. Qc2 1-0

[Event "*** Titled Tuesday Blitz"]
[Site "Chess.com"]
[Date "2021.04.06"]
[Round "4"]
[White "GameOverBro"]
[Black "Konek-Gorbunok"]
[Result "1/2-1/2"]
[WhiteElo "2513"]
[BlackElo "2340"]
[TimeControl "180+1"]
[EndTime "10:39:49 PDT"]
[Termination "Game drawn by repetition"]

1. e4 c5 2. Ne2 a6 3. c4 d6 4.
Nbc3 e5 5. d3 Nf6 6. g3 Be7 7.
Bg2 Nc6 8. O-O O-O 9. f4 Nd4 10. f5 Bd7 11. h3 b5 12. g4 Ne8 13. Nd5 Bh4 14. Be3 Nf6 15. Qd2 Nxd5 16. exd5 Nxe2+ 17. Qxe2 h6 18. b3 b4 19. Be4 a5 20. Rf3 a4 21. Raf1 f6 22. g5 Bxg5 23. Bxg5 fxg5 24. h4 gxh4 25. f6 Rxf6 26. Rxf6 gxf6 27. Qh5 Qf8 28. Kh1 f5 29. Bxf5 Bxf5 30. Rxf5 Qg7 31. Rf1 axb3 32.
axb3 Kh8 33. Rg1 Qf6 34. Qg4 Rf8 35. Qd7 Qf3+ 36. Rg2 Qf1+ 37. Kh2 Qf4+ 38. Kh1 Qf1+ 39. Kh2 Qf4+ 40. Kh1 Qf1+ 1/2-1/2

[Event "*** Titled Tuesday Blitz"]
[Site "Chess.com"]
[Date "2021.04.06"]
[Round "4"]
[White "Camels1981"]
[Black "yobdc"]
[Result "0-1"]
[WhiteElo "2354"]
[BlackElo "2525"]
[TimeControl "180+1"]
[EndTime "10:39:50 PDT"]
[Termination "yobdc won on time"]

1. e4 e6 2. d4 d5 3. Nd2 Nf6 4. e5 Nfd7 5. c3 c5 6. Bd3 Nc6 7. Ne2 cxd4 8. cxd4 f6 9. exf6 Nxf6 10. Nf3 Bd6 11. Bg5 O-O 12. O-O Qc7 13. Qc2 h6 14. Bh4 Nh5 15. Bh7+ Kh8 16. Bg6 Rxf3 17. Bxh5 Rf5 18.
Bg6 Bxh2+ 19. Kh1 Bd6 20. Bxf5 exf5 21. Rfe1 Bd7 22. Bg3 f4 23. Bh2 Rf8 24. f3 Qd8 25. Qg6 Rf6 26. Qh5 Rf5 27. Qg6 Qf8 28. Nxf4 Bxf4 29.
Bxf4 Rxf4 30. Re3 Rf6 31. Qh5 Qd6 32. Rae1 Kh7 33. Qh2 Rf4 34. Re5 Qf6 35. Rh5 Nxd4 0-1

[Event "*** Titled Tuesday Blitz"]
[Site "Chess.com"]
[Date "2021.04.06"]
[Round "4"]
[White "maximych26"]
[Black "CM_rui"]
[Result "1-0"]
[WhiteElo "2259"]
[BlackElo "2432"]
[TimeControl "180+1"]
[EndTime "10:39:51 PDT"]
[Termination "maximych26 won by checkmate"]

1. e4 e5 2. Nf3 Nc6 3. Bc4 Bc5 4. d3 Nf6 5. Nc3 d6 6. Bg5 h6 7. Bxf6 Qxf6 8. Nd5 Qd8 9. c3 Bg4 10. b4 Bb6 11. a4 a6 12. Nxb6 cxb6 13. Qb3 Qf6 14. Nd2 Ne7 15. O-O h5 16. f3 Bd7 17. Qd1 h4 18. Bb3 Ng6 19. Nc4 Nf4 20. Kh1 Rc8 21.
Qd2 Nh5 22. Kg1 d5 23. exd5 Ng3 24. Rfe1 Rxc4 25. Bxc4 g5 26. Rxe5+ Kd8 27. Qxg5 Ne2+ 28. Kf2 Qxg5 29. Rxg5 Nxc3 30. a5 b5 31. Bb3 Re8 32. Re1 Rh8 33. d6 f6 34. Rg7 Bf5 35. Ree7 Re8 36. Rxe8+ Kxe8 37. Rxb7 Bxd3 38. d7+ Kd8 39. Be6 Nd1+ 40. Ke1 Ne3 41. Rb8+ Ke7 42. d8=Q+ Kxe6 43. Qxd3 Nxg2+ 44. Kf2 Nf4 45. Qe4+ Kf7 46. Qxf4 h3 47. Rb7+ Ke6 48. Qe4+ Kd6 49. Qe7+ Kd5 50. Qc5+ Ke6 51. Rb6+ Kf7 52. Qf5 Ke8 53. Qe6+ Kf8 54. Qxf6+ Ke8 55. Rb8+ Kd7 56. Rd8+ Kc7 57. Qd6+ Kb7 58. Rb8+ Ka7 59.
Qb6# 1-0

[Event "*** Titled Tuesday Blitz"]
[Site "Chess.com"]
[Date "2021.04.06"]
[Round "4"]
[White "2008king"]
[Black "ajdemipopushi"]
[Result "0-1"]
[WhiteElo "2217"]
[BlackElo "2432"]
[TimeControl "180+1"]
[EndTime "10:39:51 PDT"]
[Termination "ajdemipopushi won by resignation"]

1. e4 c5 2. Nf3 g6 3. d4 cxd4 4.
Nxd4 Bg7 5. Nc3 Nc6 6. Be3 Nf6 7. Bc4 O-O 8. Bb3 Ng4 9. Qxg4 Nxd4 10. Qh4 Nxb3 11. axb3 d6 12. O-O-O Be6 13. Bd4 Qc7 14.
Bxg7 Kxg7 15. f4 f6 16. Rhe1 Rac8 17. e5 dxe5 18. fxe5 f5 19. Kb1 Rfd8 20. Qf4 a6 21.
h4 h6 22. Rxd8 Rxd8 23. Qf2 b5 24.
Ne2 Rd2 25. Nd4 Qxc2+ 26. Nxc2 Rxf2 27. Nd4 Kf7 28. Rc1 Rf4 29. Nxe6 Kxe6 30. Rc6+ Kxe5 31.
Rxg6 Rxh4 32. Rxa6 Rg4 33. Rxh6 Rxg2 34. Rb6 f4 35.
Rxb5+ Ke4 36. Rb4+ Kf3 37. Rb7 e5 38. b4 e4 39. b5 e3 40. b6 e2 41. Re7 Rg1+ 42.
Ka2 e1=Q 43. Rxe1 Rxe1 44. b4 Re6 45. Kb3 Rxb6 46. Kc4 Ke4 47. b5 f3 48. Kc5 Rb8 49. b6 f2 50. Kc6 f1=Q 51. Kc7 0-1

[Event "*** Titled Tuesday Blitz"]
[Site "Chess.com"]
[Date "2021.04.06"]
[Round "4"]
[White "2Tilted"]
[Black "Yaryi_sergey"]
[Result "1/2-1/2"]
[WhiteElo "2328"]
[BlackElo "2526"]
[TimeControl "180+1"]
[EndTime "10:39:53 PDT"]
[Termination "Game drawn by repetition"]

1. e4 c6 2. Nf3 g6 3. d4 Na6 4.
Nc3 Nc7 5. Be3 Bg7 6. Qd2 d5 7. h3 dxe4 8. Nxe4 Nd5 9. Bc4 Nxe3 10. Qxe3 Nf6 11. O-O-O Nxe4 12. Qxe4 Bf5 13. Qe3 b5 14. Bb3 h5 15. Kb1 a5 16. Ng5 e6 17. Bxe6 fxe6 18.
Nxe6 Bxe6 19. Qxe6+ Kf8 20. Rd3 Bf6 21. Rf3 Kg7 22. Rd1 Rf8 23. Qxc6 b4 24. Qe4 a4 25. g4 Qe8 26. Qd3 hxg4 27. hxg4 b3 28. cxb3 axb3 29. Qxb3 Rb8 30. Qd3 Qb5 31. Qxb5 Rxb5 32.
b3 Rd8 33. Rfd3 Rbd5 34. f3 Bxd4 35. a4 g5 36. Ka2 Kf6 37. b4 Ke5 38. Kb3 R5d6 39.
b5 Rb8 40. Re1+ Kd5 41. Re4 Kc5 42. Rd1 Rbd8 43. Rc1+ Kb6 44. Kb4 Bf6 45. a5+ Kb7 46.
Rcc4 Rd4 47. Re6 Rxc4+ 48. Kxc4 Rc8+ 49. Kd5 Bc3 50. Re7+ Kb8 51. a6 Ba5 52. b6 Rd8+ 53. Kc6 Rc8+ 54. Kb5 Bxb6 55. Kxb6 Rf8 56. Rg7 Rf6+ 57.
Kb5 Rxf3 58. Rg8+ Ka7 59. Rg7+ Kb8 60. Rxg5 Rf1 61. Rg7 Rc1 62. a7+ Ka8 63. Kb6 Rc6+ 64. Kb5 Rc5+ 65. Kb6 Rc6+ 66. Kb5 Rc5+ 67. Kb4 Rc4+ 68.
Ka5 Rc5+ 69. Kb6 Rc6+ 1/2-1/2

[Event "*** Titled Tuesday Blitz"]
[Site "Chess.com"]
[Date "2021.04.06"]
[Round "4"]
[White "Smirnov_Pavel"]
[Black "kingnb"]
[Result "1/2-1/2"]
[WhiteElo "2865"]
[BlackElo "2574"]
[TimeControl "180+1"]
[EndTime "10:39:54 PDT"]
[Termination "Game drawn by repetition"]

1. d4 d6 2. e4 Nf6 3. Nc3 e5 4. Nf3 exd4 5. Nxd4 Be7 6. g3 O-O 7. Bg2 Re8 8. O-O Bf8 9. h3 g6 10. b3 Bg7 11. Bb2 Nbd7 12. Qd2 Nc5 13. Rfe1 a5 14. Rad1 Bd7 15. a4 Qc8 16. Kh2 c6 17.
f4 Qc7 18. Qf2 Rad8 19. Re2 Bg4 20. Nf3 Nfxe4 21. Nxe4 Nxe4 22. Rxe4 Bxf3 23. Rxe8+ Rxe8 24. Bxf3 Bxb2 25. Re1 Rxe1 26. Qxe1 Bf6 27. Kg2 d5 28. h4 h5 29. Qe8+ Kg7 30. Qe2 Qe7 31. Qxe7 Bxe7 32.
Be2 Kf6 33. Bd3 Ke6 34. Kf3 f5 35. c4 d4 36. Bf1 Kd6 37. Ke2 Bd8 38. Kd3 c5 39.
Bg2 b6 40. Bd5 Ke7 41. Bc6 Kf6 42. Bd5 Ke7 43. Ke2 Kf6 44. Kd3 Ke7 1/2-1/2

[Event "*** Titled Tuesday Blitz"]
[Site "Chess.com"]
[Date "2021.04.06"]
[Round "4"]
[White "Cuajada_Zero"]
[Black "FGHSMN"]
[Result "0-1"]
[WhiteElo "2315"]
[BlackElo "2583"]
[TimeControl "180+1"]
[EndTime "10:39:54 PDT"]
[Termination "FGHSMN won on time"]

1. d4 Nf6 2. Bg5 c5 3. Nc3 cxd4 4.
Qxd4 Nc6 5. Qh4 e6 6. O-O-O Be7 7.
Nf3 d5 8. e4 d4 9. e5 Nd7 10.
Bxe7 Qxe7 11. Qxe7+ Kxe7 12. Nxd4 Nxd4 13. Rxd4 Nxe5 14.
Be2 Bd7 15. Rhd1 Bc6 16. f3 g5 17. b4 Rac8 18. Kb2 b6 19. Kb3 h5 20. h3 Rhg8 21.
a4 f5 22. a5 g4 23. hxg4 hxg4 24. f4 Ng6 25. axb6 axb6 26. g3 Rgd8 27. Bb5 Rxd4 28. Rxd4 Bxb5 29. Nxb5 e5 30. fxe5 Nxe5 31. c4 Rh8 32. c5 bxc5 33. bxc5 Rh3 34. Nd6 Rxg3+ 35. Kb4 Ke6 36. Kb5 Rb3+ 37. Ka4 Rb1 38. Nb7 g3 39.
Nd8+ Ke7 40. c6 g2 41. c7 g1=Q 42. c8=Q Qxd4+ 0-1

[Event "*** Titled Tuesday Blitz"]
[Site "Chess.com"]
[Date "2021.04.06"]
[Round "4"]
[White "freshfoodcompany"]
[Black "volunteers1998"]
[Result "1/2-1/2"]
[WhiteElo "2426"]
[BlackElo "2228"]
[TimeControl "180+1"]
[EndTime "10:39:54 PDT"]
[Termination "Game drawn - insufficient material"]

1. d4 f5 2. Nf3 g6 3. g3 Nf6 4.
Bg2 Bg7 5. c4 O-O 6. O-O d6 7.
Nc3 Nc6 8. b3 a6 9. Bb2 e5 10.
dxe5 dxe5 11. Nd5 e4 12. Nxf6+ Bxf6 13. Qxd8 Bxd8 14. Nd4 Nxd4 15. Bxd4 Be7 16. Rad1 Be6 17. Be5 c6 18. Bd6 Kf7 19. Rd4 Rad8 20. Rfd1 Bxd6 21.
Rxd6 Rxd6 22. Rxd6 Ke7 23. Rd4 Rd8 24. e3 c5 25.
Rxd8 Kxd8 26. f3 exf3 27. Bxf3 b5 28. cxb5 axb5 29. Kf2 Kd7 30. Ke2 Kd6 31. Kd3 Ke5 32.
a4 c4+ 33. bxc4 bxa4 34. Bd1 a3 35. Bb3 g5 36. Ba2 h5 37. Bb3 f4 38. exf4+ gxf4 39.
gxf4+ Kxf4 40. Kc3 h4 41. Kb4 Kf3 42. Kxa3 Kg2 43.
c5 Bd7 44. Bd5+ Kxh2 45. c6 Bxc6 46. Bxc6 Kg1 47. Bd5 h3 48. Kb3 h2 49. Kc3 h1=Q 50.
Bxh1 1/2-1/2

[Event "*** Titled Tuesday Blitz"]
[Site "Chess.com"]
[Date "2021.04.06"]
[Round "4"]
[White "ehrenfeld"]
[Black "AlexOstrovskiy"]
[Result "0-1"]
[WhiteElo "2531"]
[BlackElo "2743"]
[TimeControl "180+1"]
[EndTime "10:39:55 PDT"]
[Termination "AlexOstrovskiy won by resignation"]

1. e4 d5 2. exd5 Nf6 3. d4 Bg4 4. Be2 Bxe2 5. Qxe2 Qxd5 6. Nf3 e6 7. O-O Nc6 8. c3 O-O-O 9. Re1 Bd6 10. Nbd2 Qh5 11.
Nc4 Rhg8 12. Nfe5 Qxe2 13. Rxe2 Bxe5 14. Nxe5 Nxe5 15. Rxe5 Rd5 16. Re1 g5 17. Be3 h5 18.
Rad1 b5 19. Bc1 Kd7 20. Rd3 g4 21. Rde3 a5 22. Re5 a4 23. Kf1 c6 24. Bf4 Rxe5 25. Bxe5 Nd5 26. Bg3 a3 27. bxa3 Nxc3 28. Re5 f5 29.
Re3 Nd5 30. Rb3 f4 31. Bh4 Ra8 32. h3 Ra4 33. Rd3 Rc4 34. Bg5 Rc2 35. hxg4 hxg4 36. a4 bxa4 37. a3 Rb2 38. Bh6 Ke7 39. g3 Rb1+ 40. Ke2 f3+ 41. Kd2 Rb2+ 42. Ke1 Re2+ 43. Kf1 Ra2 44. Ke1 Nb6 45. Bd2 Ra1+ 0-1

[Event "*** Titled Tuesday Blitz"]
[Site "Chess.com"]
[Date "2021.04.06"]
[Round "4"]
[White "chessdiamant"]
[Black "dhaessel"]
[Result "1-0"]
[WhiteElo "2377"]
[BlackElo "2073"]
[TimeControl "180+1"]
[EndTime "10:39:55 PDT"]
[Termination "chessdiamant won on time"]

1. d4 Nf6 2. Nf3 g6 3. g3 Bg7 4. Bg2 O-O 5. O-O d5 6. c4 c6 7. Nc3 Ne4 8. Be3 Nxc3 9. bxc3 dxc4 10. Nd2 Be6 11. Rb1 b5 12. a4 a6 13. axb5 axb5 14.
Rxb5 cxb5 15. Bxa8 Qa5 16. Qa1 Qxa1 17. Rxa1 Nd7 18.
Bc6 Nb6 19. Bxb5 Nd5 20. Bxc4 Nxc3 21. Bxe6 fxe6 22. Kf1 Rd8 23. Nf3 Nb5 24. Bg5 Nxd4 25. Rd1 Kf7 26. Bf4 Nc6 27. Rc1 e5 28. Rxc6 exf4 29. gxf4 Rd1+ 30. Kg2 Bf6 31. e3 h5 32. Ng5+ Bxg5 33. fxg5 Ra1 34. e4 Ra5 35. h4 Ra3 36. f3 Ra1 37. Rc8 Ra5 38. Rh8 1-0

[Event "*** Titled Tuesday Blitz"]
[Site "Chess.com"]
[Date "2021.04.06"]
[Round "4"]
[White "MarcoCorvi"]
[Black "davigator"]
[Result "0-1"]
[WhiteElo "2096"]
[BlackElo "2374"]
[TimeControl "180+1"]
[EndTime "10:39:55 PDT"]
[Termination "davigator won on time"]

1. e4 c5 2. Nc3 Nc6 3. Bb5 Nd4 4.
Nf3 e6 5. O-O a6 6. Bd3 Nc6 7. a3 d6 8. Rb1 Ne5 9. Be2 Nf6 10. b4 cxb4 11. axb4 b5 12. d4 Ned7 13. e5 Nd5 14. Nxd5 exd5 15. Re1 dxe5 16. Nxe5 Nxe5 17. Bf3 Be6 18. dxe5 Be7 19. Be3 O-O 20. Bd4 Rc8 21. c3 Rc6 22. Be2 Qd7 23. Bd3 Rfc8 24. f4 Bf5 25.
Qd2 g6 26. h3 h5 27. Kh2 Bh4 28. Rg1 Be7 29. g3 Bxh3 30. Rbe1 Bf5 31. g4 Bxg4 32. e6 Rxe6 33. Rxe6 Qxe6 34. Re1 Qd6 35. Qe3 Bf6 36. Bc5 Qc7 37. Rg1 Kg7 38. Kh1 Qd7 39. f5 Bxf5 40. Qf4 Bxd3 0-1

[Event "*** Titled Tuesday Blitz"]
[Site "Chess.com"]
[Date "2021.04.06"]
[Round "4"]
[White "ENajer77"]
[Black "TimofeevAr"]
[Result "1-0"]
[WhiteElo "2656"]
[BlackElo "2852"]
[TimeControl "180+1"]
[EndTime "10:39:57 PDT"]
[Termination "ENajer77 won by resignation"]

1. d4 Nf6 2. c4 b6 3. f3 Nc6 4. Nc3 e6 5. e4 Bb4 6. Ne2 O-O 7. a3 Bxc3+ 8. Nxc3 d6 9. Be3 e5 10. d5 Ne7 11.
Qd2 a5 12. O-O-O Nd7 13. g4 Nc5 14. Kb1 a4 15. h4 Nb3 16. Qc2 Bd7 17. h5 f6 18. g5 f5 19. h6 g6 20. Bd3 f4 21. Bf2 Nc8 22. Rhg1 Nc5 23. Qe2 Qe8 24. Ka2 Na7 25. Rc1 Rb8 26. Rc2 Nb3 27. Nb5 Nxb5 28. cxb5 Nc5 29. Bc4 Ra8 30. Be1 Nb3 31. Bc3 Nc5 32.
Bb4 Qe7 33. Rc3 Rfb8 34. Kb1 Qe8 35. Ka2 Nb7 36. Bd3 Nc5 37. Bc4 Ra7 38. Qf1 Rba8 39. Qe2 Nb3 40. Bxb3 axb3+ 41. Kxb3 Bxb5 42. Qd2 Qe7 43. Ka2 Ra4 44. Kb1 R8a7 45. Qc2 Kf7 46. Rc1 Qxg5 47. Rxc7+ Kf6 48. Bxd6 Qg3 49. Be7+ Kf7 50. Bh4+ 1-0

[Event "*** Titled Tuesday Blitz"]
[Site "Chess.com"]
[Date "2021.04.06"]
[Round "4"]
[White "bazar-wokzal"]
[Black "InitiatingASC"]
[Result "1-0"]
[WhiteElo "2577"]
[BlackElo "2422"]
[TimeControl "180+1"]
[EndTime "10:39:57 PDT"]
[Termination "bazar-wokzal won on time"]

1. e4 e5 2. Bc4 Nf6 3. d3 Nc6 4. Nf3 d6 5. Ng5 d5 6. exd5 Na5 7. Nc3 Bb4 8. Bd2 O-O 9. O-O Bg4 10. Qe1 Nxc4 11. dxc4 a5 12. f4 exf4 13. Rxf4 Bc5+ 14. Kh1 Bh5 15. Qh4 Bg6 16. Raf1 Ra6 17. Na4 Bd6 18. R4f3 Bxc2 19. b3 Bb4 20. Be3 Bg6 21. Bd4 Be7 22.
Nc5 Bxc5 23. Bxc5 Ne4 24. Bxf8 Nxg5 25. Ba3 Ra8 26. Re3 h6 27. Be7 Qd7 28. Bxg5 hxg5 29. Qxg5 a4 30. Rfe1 axb3 31. axb3 b6 32. h3 Qd6 33.
Qe5 Qb4 34. Qxc7 Ra2 35. Re8+ Kh7 36. Qg3 Bf5 37. Qh4+ Kg6 38. Rh8 1-0

[Event "*** Titled Tuesday Blitz"]
[Site "Chess.com"]
[Date "2021.04.06"]
[Round "4"]
[White "annamaja"]
[Black "Nara_Kh"]
[Result "0-1"]
[WhiteElo "2266"]
[BlackElo "2455"]
[TimeControl "180+1"]
[EndTime "10:39:57 PDT"]
[Termination "Nara_Kh won on time"]

1. e4 c5 2. Nf3 d6 3. d4 Nf6 4. Nc3 cxd4 5. Nxd4 a6 6. Be2 e5 7. Nb3 Be7 8. O-O O-O 9. Kh1 b5 10.
f4 Nc6 11. Bf3 Bb7 12. Nd5 Rc8 13. c3 Re8 14. f5 Nxd5 15. exd5 Na5 16. Nxa5 Qxa5 17.
f6 Bxf6 18. Bg4 Qd8 19. Bxc8 Bxc8 20. a4 e4 21. axb5 axb5 22. Be3 Be5 23. Qh5 g6 24. Qg5 Qc7 25. Ra7 Bb7 26. Qh4 Qb8 27.
Qxe4 f5 28. Qf3 b4 29. cxb4 Bxb2 30. h3 Re4 31. Rd1 Rxb4 32. Qf2 Be5 33. Rc1 Bxd5 34. Rac7 Rb1 35. Rxb1 Qxc7 36. Qd2 Be4 37. Rc1 Qb7 0-1

[Event "*** Titled Tuesday Blitz"]
[Site "Chess.com"]
[Date "2021.04.06"]
[Round "4"]
[White "zajka-molotok"]
[Black "Witik"]
[Result "0-1"]
[WhiteElo "2521"]
[BlackElo "2723"]
[TimeControl "180+1"]
[EndTime "10:39:58 PDT"]
[Termination "Witik won by checkmate"]

1. b4 d5 2. Bb2 Bg4 3. h3 Bh5 4.
Nf3 Bxf3 5. gxf3 Nd7 6. f4 Ngf6 7. e3 g6 8. c4 c6 9. Nc3 e6 10. b5 Bg7 11. a4 O-O 12. d3 d4 13. exd4 Nh5 14.
Ne2 Qh4 15. Qd2 Bh6 16. Bc1 e5 17. Qc3 Nxf4 18. Nxf4 exf4 19. Bg2 Rfe8+ 20. Kf1 c5 21. Bb2 Bg7 22. Qd2 Bxd4 23. Bxd4 cxd4 24. Bxb7 Rad8 25.
Bc6 Re5 26. Re1 Qf6 27. Kg2 Rxe1 28. Rxe1 Ne5 29. Bd5 f3+ 30. Kh2 Ng4+ 31. Kg1 Rxd5 32. cxd5 Qh4 33. Re8+ Kg7 34. Qf4 Qxf2+ 35. Kh1 Qg2# 0-1